 Dungeon Sprint DCSS version 0.19.1-1-g22dce08 (webtiles) character file.

1155 Kagutsuchi the Carver (level 8, 0/123 HPs)
             Began as a Yellow Draconian Berserker on Dec 29, 2016.
             Was a High Priest of Trog.
             Slain by a polar bear (7 damage)
             ... while paralysed by a hornet
             ... in the Dungeon (Sprint II: "The Violet Keep of Menkaure").
             The game lasted 00:03:57 (437 turns).

Kagutsuchi the Carver (Yellow Draconian Berserker)   Turns: 437, Time: 00:03:58

Health: 0/123      AC: 13    Str: 24    XL:     8   Next: 16%
Magic:  8/8        EV:  2    Int:  7    God:    Trog [*****.]
Gold:   29         SH:  0    Dex: 14    Spells: 0 memorised, 7 levels left

rFire  . . .     SeeInvis .     b - +4 flail (protect)
rCold  . . .     Gourm    .     (armour unavailable)
rNeg   . . .     Faith    .     (no shield)
rPois  .         Spirit   .     (helmet restricted)
rElec  .         Reflect  .     (no cloak)
rCorr  +         Harm     .     (no gloves)
MR     .....     NoTele   +     (no boots)
Stlth  ..........               (no amulet)
                                (no ring)
                                (no ring)

@: paralysed, berserking (expiring), protection aura
A: spit acid, acid resistance, unfitting armour, cold-blooded, AC +6
a: Spit Acid, Berserk, Trog's Hand, Brothers in Arms, Burn Spellbooks, Renounce
Religion


You were in the Dungeon.
You worshipped Trog.
Trog was extremely pleased with you.
You were not hungry.

You visited 1 branch You collected 739 gold pieces.
You spent 710 gold pieces at shops.

Inventory:

Hand Weapons
 a - a +0 falchion
 b - a +4 flail of protection (weapon)
Scrolls
 h - a scroll of blinking
Potions
 c - 9 potions of curing
 d - a potion of heal wounds
 e - a potion of haste
 f - 2 potions of magic
 g - a potion of berserk rage
Comestibles
 i - 2 beef jerkies
 j - 2 meat rations
 k - a bread ration


   Skills:
 + Level 11.3 Fighting
 + Level 11.4 Long Blades
 + Level 1.1 Maces & Flails
 + Level 9.5 Dodging
 + Level 0.8 Stealth


You had 7 spell levels left.
You didn't know any spells.

Dungeon Overview and Level Annotations

Branches:
Dungeon (1/1)

Altars:
Cheibriados
Dithmenos
Elyvilon
Hepliaklqana
Kikubaaqudgha
Makhleb
Qazlal
Ru
Sif Muna
Trog
Uskayaw
Vehumet
Xom
Yredelemnul
Zin
The Shining One
Beogh
Jiyva
Lugonu

Shops:
D =[:!!(}%=!:[?(%(

Annotations:
D exclusion: oklob plant, Roxanne


Innate Abilities, Weirdness & Mutations

You can spit globs of acid.
You are resistant to acid.
Your golden yellow scales are hard. (AC +6)
You cannot fit into any form of body armour.
You are cold-blooded and may be slowed by cold attacks.


Message History

You thump the polar bear!
You kill the polar bear!
Trog accepts your kill.
Your Maces & Flails skill increases to level 1!
You have reached level 8!
You feel agile. The polar bear bites you.
* * * LOW HITPOINT WARNING * * *
The polar bear claws you but does no damage.
The polar bear misses you.
The hornet is engulfed in a cloud of scalding steam.
The hornet completely misses you.
Your unstable footing causes you to fumble your attack.
The polar bear barely misses you.
The polar bear claws you but does no damage. x2
The hornet stings you.
* * * LOW HITPOINT WARNING * * *
You suddenly lose the ability to move!
The hornet completely misses you. The polar bear bites you!
You die...

###..## #.##..# .#
#.#.## # .# ###'##
.##..# .# #
.##.##.#$#..# .# .#
.†.<.÷# #'..### .##.# [
.##.##.# #....###h..##▓▓
###†## .##..§§..yhc≈≈≈≈≈
##.#.####≈≈....§@#'#####
#..#..#≈≈≈≈≈≈≈.§≈#..._._
###.###≈≈≈≈≈≈≈§.≈#.._._.
≈##'##≈≈≈≈§§≈≈≈§≈#._._._
≈≈≈≈≈≈≈≈≈≈§≈≈≈§≈≈#_._._.
+++#+++#≈§§§≈≈≈§≈#._._._
.§§≈≈ ##≈≈§###≈≈#_._._.
≈≈§§≈≈§§##≈≈# #≈≈#._._..
≈§≈8≈≈≈≈≈+≈§# #≈≈#.._...


You could see 2 polar bears, a yaktaur and a hornet.

Vanquished Creatures
  A polar bear (D)
  2 hippogriffs (D)
  Menkaure (D)
  4 necrophages (D)
  A crocodile (D)
  A scorpion (D)
  4 worker ants (D)
  3 worms (D)
17 creatures vanquished.

Vanquished Creatures (others)
  A crocodile (D)
1 creature vanquished.

Grand Total: 18 creatures vanquished

Notes
Turn   | Place    | Note
-------+----------+-------------------------------------------
     0 | D        | Kagutsuchi the Draconian Berserker began the quest for the Orb.
     0 | D        | Reached XP level 1. HP: 19/19 MP: 1/1
     1 | D        | Noticed a hippogriff
     1 | D        | Noticed a hippogriff
     9 | D        | Killed a hippogriff
     9 | D        | Reached XP level 2. HP: 30/34 MP: 2/2
     9 | D        | Reached XP level 3. HP: 34/39 MP: 3/3
     9 | D        | Reached XP level 4. HP: 41/47 MP: 4/4
     9 | D        | Reached XP level 5. HP: 46/52 MP: 5/5
    15 | D        | Killed a hippogriff
    15 | D        | Reached XP level 6. HP: 45/63 MP: 6/6
    18 | D        | Noticed Menkaure
    21 | D        | Killed Menkaure
    21 | D        | Reached ** piety under Trog
   183 | D        | Reached skill level 10 in Fighting
   183 | D        | Your scales start taking on a golden yellow colour.
   183 | D        | Reached XP level 7. HP: 72/72 MP: 7/7
   185 | D        | Reached *** piety under Trog
   185 | D        | Reached skill level 10 in Long Blades
   231 | D        | Reached **** piety under Trog
   266 | D        | Reached ***** piety under Trog
   288 | D        | Noticed Roxanne
   292 | D        | Found Giatagg's Antique Weapon Shop.
   294 | D        | Found Irigur's Weapon Boutique.
   294 | D        | Found Tufranel's Food Boutique.
   296 | D        | Found Menioqoo's Antique Armour Shop.
   296 | D        | Found Xicogot's Magic Scroll Shop.
   298 | D        | Found Minotzur's Distillery.
   298 | D        | Found Sima Qul's Book Boutique.
   299 | D        | Found Qinog's Food Shop.
   300 | D        | Found Widy's Jewellery Shop.
   301 | D        | Found Pisipy's Gadget Shop.
   301 | D        | Found Uhiaf's Antique Weapon Boutique.
   306 | D        | Found Tydiv's Distillery.
   306 | D        | Found Voje's Distillery.
   306 | D        | Noticed an oklob plant
   307 | D        | Found Sosur's Antique Armour Shop.
   307 | D        | Found Fuefet's Jewellery Boutique.
   307 | D        | Found Ymiu's Book Shoppe.
   310 | D        | Noticed an ice dragon
   317 | D        | Noticed a polar bear
   317 | D        | Noticed a flying skull
   317 | D        | Noticed a flying skull
   326 | D        | Bought a runed flail for 275 gold pieces
   330 | D        | Bought a potion of curing for 30 gold pieces
   330 | D        | Bought a potion of curing for 30 gold pieces
   330 | D        | Noticed a polar bear
   332 | D        | Bought a potion of curing for 30 gold pieces
   332 | D        | Bought a potion of curing for 30 gold pieces
   332 | D        | Bought a potion of curing for 30 gold pieces
   332 | D        | Bought a potion of curing for 30 gold pieces
   332 | D        | Bought 2 potions of curing for 60 gold pieces
   376 | D        | Bought a beef jerky for 15 gold pieces
   376 | D        | Bought a beef jerky for 15 gold pieces
   376 | D        | Bought a meat ration for 50 gold pieces
   376 | D        | Bought a bread ration for 50 gold pieces
   376 | D        | Bought a beef jerky for 15 gold pieces
   376 | D        | Bought a meat ration for 50 gold pieces
   419 | D        | Found a shimmering altar of Xom.
   419 | D        | Found a stormy altar of Qazlal.
   420 | D        | Found a basalt altar of Yredelemnul.
   420 | D        | Found a sacrificial altar of Ru.
   420 | D        | Found a hazy altar of Hepliaklqana.
   421 | D        | Found a glowing silver altar of Zin.
   421 | D        | Found a deep blue altar of Sif Muna.
   421 | D        | Found a viscous altar of Jiyva.
   421 | D        | Found a roughly hewn altar of Beogh.
   422 | D        | Found a bloodstained altar of Trog.
   422 | D        | Found a glowing golden altar of the Shining One.
   422 | D        | Found an ancient bone altar of Kikubaaqudgha.
   422 | D        | Found a snail-covered altar of Cheibriados.
   424 | D        | Noticed a polar bear
   424 | D        | Found a corrupted altar of Lugonu.
   424 | D        | Found a hide-covered altar of Uskayaw.
   424 | D        | Found a shadowy altar of Dithmenos.
   425 | D        | Noticed a polar bear
   425 | D        | Found a burning altar of Makhleb.
   425 | D        | Found a white marble altar of Elyvilon.
   425 | D        | Found a radiant altar of Vehumet.
   426 | D        | Noticed a polar bear
   428 | D        | Noticed a yaktaur
   429 | D        | Noticed a hornet
   435 | D        | Killed a polar bear
   435 | D        | Reached skill level 1 in Maces & Flails
   435 | D        | Reached XP level 8. HP: 17/82 MP: 8/8
   436 | D        | Paralysed by a hornet for 2 turns
   437 | D        | Slain by a polar bear

Skill      XL: |  1  2  3  4  5  6  7 |
---------------+----------------------+-----
Fighting       | 7 9 10 11 | 11.3
Long Blades    | 7 8 9 11 | 11.4
Dodging        | 6 7 8 9 |  9.5
Maces & Flails | 1 |  1.1
Stealth        | |  0.8

Action                   |  1- 3 |  4- 6 |  7- 9 || total
-------------------------+-------+-------+-------++-------
Melee: Falchion          |     7 |    17 |    21 ||    45
       Tailslap          |       |     5 |     3 ||     8
       Flail             |       |       |    17 ||    17
Invok: Berserk           |     1 |     1 |     4 ||     6
  Eat: Bread ration      |       |       |     1 ||     1
       Beef jerky        |       |       |     1 ||     1
Armor: Skin              |     3 |     2 |    19 ||    24
Dodge: Dodged            |     5 |     8 |    39 ||    52
       Rpst.: Falchion   |       |       |     4 ||     4
